 Dungeon Crawl Stone Soup version 0.32-a0-18-g89e19f1974 (webtiles) character file.

Game seed: 7164077180288138672

74180 Ralffi009 the Warrior (level 15, -4/139 HPs)
             Began as a Demonspawn Gladiator on Jan 16, 2024.
             Was an Initiate of Gozag.
             Slain by a spriggan rider
             ... wielding a +0 spear
              (13 damage)
             ... on level 2 of the Swamp.
             The game lasted 01:29:38 (19271 turns).

Ralffi009 the Warrior (Demonspawn Gladiator)       Turns: 19271, Time: 01:29:41

Health: -4/139     AC: 30    Str: 14    XL:     15   Next: 6%
Magic:  15/15      EV:  9    Int:  9    God:    Gozag
Gold:   3553       SH:  5    Dex: 25    Spells: 14/14 levels left

rFire   + + .        H - +4 scimitar (flame)
rCold   + . .        (no shield)
rNeg    . . .        m - +9 scales of the Dragon King {rPois rF+ rC+ Will+}
rPois   +            U - +1 helmet "Ibig Ocar" {rF+ Dex+3}
rElec   .            R - +2 cloak
rCorr   .            i - +2 pair of gloves
SInv    +            h - +2 pair of boots
Will    ++...        M - amulet of reflection Stlth
                     p - +4 ring of slaying
HPRegen 0.43/turn    X - ring of see invisible
MPRegen 0.14/turn

%: reflection
@: about to teleport, studying Necromancy, very slow
A: spiny 2, sturdy frame 2, demonic magic 3, weakness stinger 2, deformed body
a: Renounce Religion, Potion Petition, Call Merchant, Bribe Branch


You were on level 2 of the Swamp.
You worshipped Gozag.
Gozag was most pleased with you.
You visited 5 branches of the dungeon, and saw 20 of its levels.

You collected 7250 gold pieces.
You spent 2221 gold pieces at shops.
You paid 1476 gold pieces to Gozag.

Inventory:

Hand Weapons
 H - a +4 scimitar of flaming (weapon)
Missiles
 c - 56 poisoned darts
 d - 2 throwing nets (quivered)
 e - 10 javelins
Armour
 h - a +2 pair of boots (worn)
 i - a +2 pair of gloves (worn)
 m - the +9 scales of the Dragon King (worn) {rPois rF+ rC+ Will+}
   (You found it on level 2 of the Dungeon)

   rF+:       It protects you from fire.
   rC+:       It protects you from cold.
   rPois:     It protects you from poison Will+: It increases your willpower.
 x - +0 steam dragon scales
 P - the +1 ring mail of the Bruised Ghosts {Rampage rN++}
   (You found it on level 1 of the Lair of Beasts)

   rN++:      It greatly protects you from negative energy.
   Rampage:   It bestows one free step when moving towards enemies.
 R - a +2 cloak (worn)
 U - the +1 helmet "Ibig Ocar" (worn) {rF+ Dex+3}
   (You found it on level 3 of the Lair of Beasts)

   Dex+3:     It affects your dexterity (+3).
   rF+:       It protects you from fire.
Jewellery
 p - a +4 ring of slaying (left hand)
 B - a ring of poison resistance
 C - a ring of positive energy
 M - an amulet of reflection (around neck)
 X - a ring of see invisible (right hand)
Wands
 l - a wand of flame (3)
 r - a wand of paralysis (26)
 w - a wand of polymorph (8)
 I - a wand of light (6)
 N - a wand of iceblast (5)
Scrolls
 a - a scroll of torment
 j - 8 scrolls of teleportation
 o - 6 scrolls of noise
 q - a scroll of vulnerability
 s - a scroll of silence
 v - 2 scrolls of identify
 y - 4 scrolls of revelation
 F - a scroll of amnesia
 J - 2 scrolls of blinking
 K - a scroll of brand weapon
 L - 2 scrolls of fog
 O - 2 scrolls of fear
 T - 2 scrolls of enchant weapon
Potions
 b - a potion of lignification
 f - 3 potions of haste
 k - 2 potions of enlightenment {unknown}
 n - 2 potions of magic
 t - 2 potions of might
 z - 2 potions of degeneration
 A - a potion of cancellation {unknown}
 D - 4 potions of mutation
 Q - a potion of attraction {unknown}
 S - a potion of invisibility {unknown}
 W - 2 potions of brilliance
 Z - a potion of resistance
Miscellaneous
 g - a tin of tremorstones (inert)
 E - a phantom mirror (inert)
 Y - a lightning rod (2/4)


   Skills:
 - Level 19.0 Fighting
 + Level 13.0 Long Blades
 - Level 1.7 Throwing
 - Level 5.5 Armour
 - Level 13.5 Dodging
 - Level 6.0 Evocations


You had 14 spell levels left.
You didn't know any spells.
Your spell library contained the following spells:

 Spells                   Type           Power      Damage    Failure   Level
 Apportation              Tloc           0%         N/A       100%        1
 Necrotise                Necr           0%         1d4       100%        1
 Slow                     Hex            0%         N/A       100%        1
 Sting                    Conj/Alch      0%         1d3       100%        1
 Summon Small Mammal      Summ           0%         N/A       100%        1
 Ensorcelled Hibernation  Hex/Ice        0%         N/A       100%        2
 Jinxbite                 Hex            0%         N/A       100%        2
 Mercury Vapours          Alch/Air       0%         N/A       100%        2
 Confusing Touch          Hex            0%         N/A       100%        3
 Fugue of the Fallen      Necr           0%         N/A       100%        3
 Mephitic Cloud           Conj/Alch/Air  0%         N/A       100%        3
 Passwall                 Erth           0%         N/A       100%        3
 Sigil of Binding         Hex            0%         N/A       100%        3
 Summon Ice Beast         Ice/Summ       0%         N/A       100%        3
 Swiftness                Air            0%         N/A       100%        3
 Vampiric Draining        Necr           0%         2d6       100%        3
 Anguish                  Hex/Necr       0%         N/A       100%        4
 Alistair's Intoxication  Alch           0%         N/A       100%        5
 Freezing Cloud           Conj/Ice/Air   0%         6-21      100%        5
 Summon Mana Viper        Hex/Summ       0%         N/A       100%        5
 Monstrous Menagerie      Summ           0%         N/A       100%        7


Dungeon Overview and Level Annotations

Branches:
Dungeon (11/15)            Temple (1/1) D:6            Lair (5/5) D:10
  Swamp (2/4) Lair:2        Snake (1/4) Lair:2        Slime (0/5) Lair:4
    Orc (0/2) D:10

Altars:
Ashenzari
Cheibriados
Dithmenos
Fedhas
Gozag
Hepliaklqana
Kikubaaqudgha
Makhleb
Nemelex Xobeh
Okawaru
Qazlal
Ru
Sif Muna
Trog
Uskayaw
Vehumet
Wu Jian
Xom
Yredelemnul
Jiyva

Shops:
D:7 *=?(   D:10 *   Lair:4 *

Portals:
Hell: Lair:5
Abyss: D:4

Annotations:
D:4 2 transporters, losten's ghost, novice DsGl
D:6 2 transporters
D:11 Fannar; Grum
Lair:1 3 runed translucent doors, koorschki's ghost, journeyman OnMo
Snake:1 Mlioglotl


Innate Abilities, Weirdness & Mutations

You are mostly covered in sharp spines.
Your movements are less encumbered by armour. (ER -4)
Spells you cast and wands you use may paralyse nearby enemies.
You have a tail ending in a sharp stinger.
Armour fits poorly on your strangely shaped body.


Message History

The spriggan rider hits you from afar with a +0 spear!
* * * LOW HITPOINT WARNING * * *
You hear a shout!
Blink to where?
Press: ? - help, Q - select action, (/) - cycle Dir - move target Splash!
As you read the scroll of blinking, it crumbles to dust.
The trees move their gnarly branches around.
You block the spriggan rider's attack. Why would you want to do that?
Why would you want to do that?
The spriggan rider hits you but does no damage.
The spriggan rider hits you from afar with a +0 spear!
* * * LOW HITPOINT WARNING * * *
You enter the shallow water.
Moving in this stuff is going to be slow.
The spriggan rider hits you but does no damage.
The spriggan rider attacks as it pursues you!
The spriggan rider hits you but does no damage.
The spriggan rider hits you from afar with a +0 spear!
* * * LOW HITPOINT WARNING * * *
The spriggan rider hits you but does no damage.
Tree limbs sway around you.
The spriggan rider hits you but does no damage.
Why would you want to do that? Tree limbs sway around you.
You block the spriggan rider's attack. The spriggan rider barely misses you.
You feel better. You block the spriggan rider's attack.
The spriggan rider hits you from afar with a +0 spear!
* * * LOW HITPOINT WARNING * * *
You feel better.
The spriggan rider hits you but does no damage.
The spriggan rider closely misses you.
As you read the scroll of teleportation, it crumbles to dust.
You feel strangely unstable.
The spriggan rider hits you from afar with a +0 spear!
* * * LOW HITPOINT WARNING * * *
The spriggan rider hits you from afar with a +0 spear!
You die...
Your body crumbles into a pile of gold.

♣♣≈~♣ ♣≈§♣ ♣≈~♣ ♣
♣≈i♣♣ ♣♣♣♣♣♣♣ ♣♣
♣~≈.♣ ♣.>~♣~♣♣♣♣~
♣♣~≈♣ ♣♣~..~.~~.§.
♣♣ii♣ ♣~.......((~
♣♣~~≈♣
♣♣♣~..♣♣~.~~
♣~@≈.♣ ♣♣.~.♣♣.~~~
♣~≈~♣♣ ♣.~~~§♣..~§
♣~≈.♣ ♣.~~~~♣~.~~
♣♣~♣♣ ♣...~......
♣~♣ ♣.~~~~~~.~~
♣~♣♣ ♣.~~~~~~.~~
♣≈~♣ ♣♣.~~~~~~~~~
♣≈~♣♣♣♣~>~...~§~~~
♣.≈~§♣...~~..~♣♣~.


You could see 2 spriggan riders and a spriggan druid.

Vanquished Creatures
  Kirke (Lair:4)
  An eleionoma (Swamp:1)
  A bunyip (Swamp:2)
  5 hydras
  2 naga warriors (Snake:1)
  3 alligators
  A two-headed ogre (D:11)
  3 death yaks (D:10)
  A spriggan (Swamp:1)
  3 skysharks
  A skeletal warrior (D:9)
  A sixfirhy (Lair:5)
  A spriggan druid (Swamp:2)
  An arcanist (Lair:5)
  2 swamp dragons
  A mana viper (Snake:1)
  Pikel (D:6)
  4 salamanders
  An ugly thing (D:9)
  3 will-o-the-wisps (Swamp:2)
  14 elephants
  A guardian serpent (Snake:1)
  11 black mambas
  An orange demon (Lair:5)
  21 cane toads
  Maggie (D:6)
  3 torpor snails
  Jeremiah (D:6)
  2 efreet (D:9)
  A kobold demonologist (D:9)
  5 rime drakes
  12 komodo dragons
  2 unseen horrors (D:11)
  An ice devil (Lair:5)
  3 red devils (Lair:5)
  3 hornets
  3 polar bears
  7 tyrant leeches
  21 blink frogs
  A hellwing (Lair:5)
  16 dream sheep
  Prince Ribbit (D:6)
  Sigmund (D:2)
  Grinder (D:4)
  2 wraiths
  A slime creature (D:10)
  A shadow (D:6)
  6 wyverns
  2 hogs (Lair:4)
  54 yaks
  2 steam dragons (D:7)
  6 vampire mosquitoes (Swamp:1)
  5 basilisks
  5 nagas (Snake:1)
  A swamp worm (Swamp:1)
  5 hell hounds (Lair:5)
  12 water moccasins
  An acid dragon (D:9)
  Duvessa (D:4)
  A swamp drake (Swamp:2)
  3 ice beasts (D:6)
  4 orc warriors (D:10)
  2 sky beasts (D:7)
  3 ogres
  4 black bears
  A wolf (D:11)
  4 centaurs
  2 lemures (D:6)
  2 phantoms
  14 bullfrogs
  2 kobold brigands (D:9)
  4 scorpions
  A gnoll sergeant (D:6)
  A wyvern zombie (D:7)
  A water moccasin zombie (D:7)
  22 wights
  Dowan (D:4)
  22 killer bees
  5 howler monkeys
  3 electric eels (Lair:3)
  3 lava snakes (Lair:2)
  2 centaur zombies (D:7)
  3 jellies (D:10)
  2 bombardier beetles
  5 hounds
  5 orc priests
  A gnoll bouda (D:9)
  3 sleepcaps
  An iguana (D:6)
  9 orc wizards
  11 hell rats
  4 killer bee zombies (D:7)
  4 howler monkey zombies (D:7)
  12 gnolls
  8 adders
  5 river rats
  2 white imps
  6 ufetubi
  2 ribbon worms
  3 dart slugs
  46 orcs
  4 ball pythons
  8 bats
  7 endoplasms
  2 giant cockroaches (D:4)
  5 goblins
  6 hobgoblins
  17 kobolds
  7 quokkas
  4 frilled lizards
  13 rats
586 creatures vanquished.

Vanquished Creatures (others)
  A bloated husk (Swamp:2)
  A blink frog (Lair:4)
  14 foxfires (Swamp:2)
16 creatures vanquished.

Grand Total: 602 creatures vanquished

Notes
Turn   | Place    | Note
-------+----------+-------------------------------------------
     0 | D:1      | Ralffi009 the Demonspawn Gladiator began the quest for the
                  | Orb.
     0 | D:1      | Reached XP level 1. HP: 16/16 MP: 1/1
   415 | D:1      | Gained mutation: Your movements are slightly less
                  | encumbered by armour. (ER -2) [demonic ancestry]
   415 | D:1      | Reached XP level 2. HP: 22/22 MP: 2/2
  1012 | D:2      | Found a faded altar of an unknown god.
  1148 | D:2      | Gained mutation: You are partially covered in sharp spines.
                  | [demonic ancestry]
  1148 | D:2      | Reached XP level 3. HP: 27/27 MP: 3/3
  1359 | D:2      | Noticed a phantom
  1371 | D:2      | Killed a phantom
  1372 | D:2      | Gained mutation: Spells you cast may paralyse adjacent
                  | enemies. [demonic ancestry]
  1372 | D:2      | Reached XP level 4. HP: 28/33 MP: 4/4
  1414 | D:2      | Noticed Sigmund
  1423 | D:2      | Reached skill level 5 in Long Blades
  1439 | D:2      | Killed Sigmund
  1440 | D:2      | Reached XP level 5. HP: 14/38 MP: 5/5
  1440 | D:2      | Reached XP level 6. HP: 17/44 MP: 6/6
  1626 | D:2      | Found the +9 scales of the Dragon King {rPois rF+ rC+
                  | Will+}
  2704 | D:4      | Found a transporter.
  2705 | D:4      | Found a one-way gate to the infinite horrors of the Abyss.
  2705 | D:4      | Noticed losten's ghost (novice DsGl)
  2729 | D:4      | Found a transporter.
  2756 | D:4      | Noticed an ancient zyme
  2778 | D:4      | Noticed Duvessa
  2786 | D:4      | Killed Duvessa
  2787 | D:4      | Reached skill level 3 in Fighting
  2787 | D:4      | Noticed Dowan
  2793 | D:4      | Killed Dowan
  2794 | D:4      | Reached skill level 4 in Fighting
  2871 | D:4      | Gained mutation: Spells you cast may paralyse nearby
                  | enemies. [demonic ancestry]
  2871 | D:4      | Reached XP level 7. HP: 48/55 MP: 7/7
  3008 | D:4      | Reached skill level 5 in Fighting
  3491 | D:4      | Noticed Grinder
  3502 | D:4      | Killed Grinder
  3503 | D:4      | Reached skill level 6 in Fighting
  3587 | D:5      | Entered Level 5 of the Dungeon
  3672 | D:5      | Reached skill level 7 in Fighting
  3672 | D:5      | Gained mutation: Your movements are less encumbered by
                  | armour. (ER -4) [demonic ancestry]
  3672 | D:5      | Reached XP level 8. HP: 62/67 MP: 8/8
  3967 | D:5      | Reached skill level 8 in Fighting
  4017 | D:5      | Reached skill level 1 in Armour
  4379 | D:6      | Noticed Maggie
  4391 | D:6      | Killed Maggie
  4510 | D:6      | Noticed Jeremiah
  4563 | D:6      | Killed Jeremiah
  4564 | D:6      | Reached skill level 5 in Armour
  4564 | D:6      | Reached XP level 9. HP: 16/72 MP: 9/9
  4845 | D:6      | Found a staircase to the Ecumenical Temple.
  4855 | Temple   | Entered the Ecumenical Temple
  4947 | Temple   | Became a worshipper of Gozag Ym Sagoz the Greedy
  5061 | D:6      | Noticed Prince Ribbit
  5074 | D:6      | Killed Prince Ribbit
  5203 | D:6      | Found a transporter.
  5204 | D:6      | Found a transporter.
  5204 | D:6      | Noticed a troll
  5205 | D:6      | Noticed a two-headed ogre
  5205 | D:6      | Noticed a komodo dragon
  5212 | D:6      | Noticed a boulder beetle
  5214 | D:6      | Found a broken altar of Ashenzari.
  5214 | D:6      | Found a basalt altar of Yredelemnul.
  5214 | D:6      | Found a radiant altar of Vehumet.
  5575 | D:6      | Noticed Pikel
  5595 | D:6      | Reached skill level 5 in Dodging
  5685 | D:6      | Killed Pikel
  5848 | D:6      | Gained mutation: You have a small tail. [demonic ancestry]
  5848 | D:6      | Reached XP level 10. HP: 80/80 MP: 10/10
  6346 | D:7      | Found Bireth's Antique Weapon Emporium.
  6357 | D:7      | Found Muom's Magic Scroll Boutique.
  6359 | D:7      | Found Kynkas's Jewellery Shoppe.
  6527 | D:7      | Found Giefin's General Store.
  6534 | D:7      | Bought a phantom mirror for 520 gold pieces
  6590 | D:7      | Reached skill level 1 in Evocations
  6816 | D:7      | Found a snail-covered altar of Cheibriados.
  7009 | D:8      | Found a stormy altar of Qazlal.
  7280 | D:8      | Reached skill level 5 in Evocations
  7544 | D:8      | Identified a scroll of acquirement
  7544 | D:8      | Acquired 1106 gold pieces
  7847 | D:9      | Reached XP level 11. HP: 87/87 MP: 11/11
  7890 | D:9      | Noticed a skeletal warrior
  8161 | D:9      | Killed a skeletal warrior
  8162 | D:9      | Reached skill level 9 in Fighting
  8191 | D:9      | Noticed a cyan ugly thing
  8200 | D:9      | Killed a cyan ugly thing
  8525 | D:10     | Entered Level 10 of the Dungeon
  8530 | D:10     | Bought 3 scrolls of blinking for 517 gold pieces
  8530 | D:10     | Bought a scroll labelled DOCRESHRISUPN for 23 gold pieces
  8530 | D:10     | Bought a scroll labelled XOOFAPT XERIRA for 23 gold pieces
  8571 | D:10     | Reached skill level 10 in Fighting
  8662 | D:10     | Noticed a death yak
  8678 | D:10     | Noticed a death yak
  8680 | D:10     | Noticed a death yak
  8681 | D:10     | Killed a death yak
  8689 | D:10     | Killed a death yak
  8698 | D:10     | Killed a death yak
  8699 | D:10     | Reached skill level 11 in Fighting
  8830 | D:10     | Found a staircase to the Lair.
  8900 | D:10     | Found a viscous altar of Jiyva.
  9246 | D:10     | Found a staircase to the Orcish Mines.
  9377 | D:11     | Noticed a two-headed ogre
  9386 | D:11     | Killed a two-headed ogre
  9439 | D:11     | Noticed Grum
  9441 | D:11     | Noticed Fannar
  9525 | Lair:1   | Entered Level 1 of the Lair of Beasts
  9554 | Lair:1   | Gained mutation: You are mostly covered in sharp spines.
                  | [demonic ancestry]
  9554 | Lair:1   | Reached XP level 12. HP: 98/101 MP: 12/12
  9557 | Lair:1   | Reached skill level 10 in Dodging
  9849 | Lair:1   | Acquired a manual of Fighting
 10125 | Lair:1   | Identified the +1 ring mail of the Bruised Ghosts {Rampage
                  | rN++}
 10128 | Lair:1   | Found a runed translucent gate.
 10128 | Lair:1   | Found a runed translucent gate.
 10128 | Lair:1   | Found a runed translucent gate.
 10134 | Lair:1   | Noticed koorschki's ghost (journeyman OnMo)
 10137 | Lair:1   | Noticed a minotaur
 10552 | Lair:2   | Reached skill level 12 in Fighting
 10832 | Lair:2   | Reached skill level 13 in Fighting
 11071 | Lair:2   | Found a staircase to the Swamp.
 11100 | Lair:2   | Reached skill level 14 in Fighting
 11237 | Lair:2   | Found a staircase to the Snake Pit.
 11800 | Lair:2   | Reached skill level 15 in Fighting
 12069 | Lair:3   | Reached skill level 16 in Fighting
 12228 | Lair:3   | Reached skill level 17 in Fighting
 12277 | Lair:3   | Gained mutation: You have a tail ending in a sharp stinger.
                  | [demonic ancestry]
 12277 | Lair:3   | Reached XP level 13. HP: 79/120 MP: 13/13
 13334 | Lair:3   | Identified the +1 helmet "Ibig Ocar" {rF+ Dex+3}
 13947 | Lair:4   | Found a staircase to the Slime Pits.
 13948 | Lair:4   | Found a viscous altar of Jiyva.
 14192 | Lair:4   | Reached skill level 10 in Long Blades
 14508 | Lair:4   | Noticed Kirke
 14530 | Lair:4   | Killed Kirke
 14975 | Lair:5   | Entered Level 5 of the Lair of Beasts
 15127 | Lair:4   | Bought a lightning rod (4/4) for 1040 gold pieces
 15127 | Lair:4   | Bought a ruby potion for 23 gold pieces
 15127 | Lair:4   | Bought a bubbling silvery potion for 23 gold pieces
 15127 | Lair:4   | Bought a scroll of identify for 52 gold pieces
 15381 | Lair:5   | Gained mutation: Spells you cast and wands you use may
                  | paralyse nearby enemies. [demonic ancestry]
 15381 | Lair:5   | Reached XP level 14. HP: 124/128 MP: 14/14
 16028 | Lair:5   | Found a burning altar of Makhleb.
 16348 | Lair:5   | Found a gateway to Hell.
 17129 | Snake:1  | Entered Level 1 of the Snake Pit
 17336 | Snake:1  | Reached skill level 18 in Fighting
 17468 | Snake:1  | Noticed Mlioglotl
 17480 | Snake:1  | Gained mutation: Armour fits poorly on your strangely
                  | shaped body. [a neqoxec]
 17788 | Swamp:1  | Entered Level 1 of the Swamp
 18708 | Swamp:2  | Reached XP level 15. HP: 45/138 MP: 15/15
 18715 | Swamp:2  | Reached skill level 19 in Fighting
 19271 | Swamp:2  | Slain by a spriggan rider

Illustrated notes

Levels and vault maps discovered:
D:1:      nzn_arrival_water_spiral, layout_loops_corners, grunt_decor_cap,
          serial_bayou_pond_d
D:2:      layout_basic, shapermc_ecumenical_altar_venn,
          chequers_serial_rivers_small_b, minmay_misc_feat_diagonals,
          uniq_sigmund
D:3:      layout_basic
D:4:      layout_cave_pods, gammafunk_ghost_abyssal_escape,
          chequers_serial_rivers_large_b, uniq_duvessa, uniq_grinder
D:5:      layout_gridville, bh_walls_and_bars
D:6:      kennysheep_windowed_halls, layout_rooms,
          gammafunk_temple_overflow_arena, minmay_temple_entry_glassed_door,
          uniq_pikel, uniq_maggie, uniq_jeremiah, uniq_prince_ribbit1
D:7:      layout_loops_ring, cheibrodos_worm_habitat, serial_shops,
          nicolae_shop_just_a_little_nook, serial_undead, serial_undead_a,
          serial_undead_e, serial_undead_d, serial_undead_b, serial_undead_b,
          serial_undead_c, serial_undead_a, serial_undead_c, serial_undead_f,
          serial_undead_c, nicolae_wooded_promenade
D:8:      layout_rooms, grunt_qazlal_clouds, minmay_misc_feat_roman
D:9:      minmay_cornered_nines, layout_loops_ring
D:10:     layout_rooms, dpeg_lair_monsters, david_orc_5, jiyva_altar_1
D:11:     layout_rooms, uniq_fannar, uniq_snorg, uniq_grum
Temple:   minmay_temple_bridge_d
Lair:1:   layout_gridlike, maelrawn_ghost_gauntlet_escape, lemuel_fruit_tree
Lair:2:   layout_cave_pods, swamp_mist, nicolae_snake_entry_warm_welcome,
          gauntlet_entry_generic, kennysheep_abandoned_house, grunt_megastairs_3
Lair:3:   layout_cave_pods, serial_bayou_lake_a
Lair:4:   layout_long_grid, slime_entry_1, serial_forest,
          infiniplex_forest_end_3, infiniplex_forest_end_2,
          infiniplex_forest_zigzag_1, infiniplex_forest_lined_1,
          infiniplex_forest_diagonal, grunt_megastairs_2, serial_bayou_shore_b,
          uniq_kirke
Lair:5:   evil_forest, layout_cave_pods, grunt_megastairs_5
Swamp:1:  layout_basic_swamp, serial_swamp_ruin, evilmike_swamp_ruin_house_6,
          hangedman_swamp_ruin_wall, evilmike_swamp_ruin_house_5, swamp_pool_5
Swamp:2:  cheibrodos_swamp_heart_of_darkness, layout_basic_swamp,
          nicolae_swamp_little_tower
Snake:1:  layout_cave_pods, serial_bayou_shore_b, uniq_mlioglotl

Skill      XL: |  1  2  3  4  5  6  7  8  9 10 11 12 13 14 15 |
---------------+----------------------------------------------+-----
Long Blades    | 3 4 6 8 12 13 | 13.0
Fighting       | 4 7 8 11 17 18 19 | 19.0
Armour         | 5 |  5.5
Dodging        | 8 9 10 13 | 13.5
Evocations     | 6 |  6.0
Throwing       | |  1.7

Action                     |  1- 3 |  4- 6 |  7- 9 | 10-12 | 13-15 || total
---------------------------+-------+-------+-------+-------+-------++-------
  Melee: Long sword        |    92 |    70 |   226 |   262 |       ||   650
         Tailslap          |       |       |       |   119 |   129 ||   248
         Punch             |       |       |       |    11 |    10 ||    21
         Scimitar          |       |       |       |   373 |   618 ||   991
  Throw: Throwing net      |       |     2 |     1 |       |       ||     3
         Javelin           |       |     1 |       |       |       ||     1
         Dart              |       |       |     5 |       |       ||     5
 Invoke: Call Merchant     |       |       |       |     1 |     1 ||     2
  Evoke: Phantom mirror    |       |       |       |     1 |     3 ||     4
         Lightning rod     |       |       |       |       |     8 ||     8
         Tin of tremorston |       |       |       |       |     3 ||     3
    Use: Scroll            |     4 |     6 |     3 |     8 |    12 ||    33
         Potion            |       |     1 |     1 |     2 |    11 ||    15
   Stab: Sleeping          |     1 |       |       |       |       ||     1
         Distracted        |       |       |     1 |     2 |     6 ||     9
 Armour: Leather armour    |    31 |       |       |       |       ||    31
         Chain mail        |    46 |    12 |       |       |       ||    58
         Gold dragon scale |       |    52 |   255 |   719 |   657 ||  1683
  Dodge: Dodged            |    50 |    11 |    44 |   211 |   217 ||   533
  Block: Other             |       |       |       |    72 |   110 ||   182
         Reflection        |       |       |       |     1 |     2 ||     3

Table legend: (Time is in decaauts)
 A = Elapsed time spent in this place.
 B = Non-inter-level travel time spent in this place.
 C = Inter-level travel time spent in this place.
 D = Time resting spent in this place.
 E = Time spent auto-exploring this place.
 F = Levels seen in this place.
 G = Mean time per level.
                   A        B        C        D        E       F      G
               +--------+--------+--------+--------+--------+-----+--------+
         Total |  19362 |  18922 |    440 |   3394 |   6981 |  20 |  968.1 |
       Dungeon |   9435 |   9294 |    141 |    838 |   4345 |  11 |  857.7 |
        Temple |    163 |      4 |    159 |      0 |      0 |   1 |  163.0 |
          Lair |   7843 |   7703 |    140 |   1861 |   2395 |   5 | 1568.6 |
         Swamp |   1538 |   1538 |      0 |    575 |    240 |   2 |  769.0 |
     Snake Pit |    381 |    381 |      0 |    120 |      0 |   1 |  381.0 |
               +--------+--------+--------+--------+--------+-----+--------+

Top non-repeatable levels by time:
  Lair:2: 1840 daAuts
  Lair:3: 1835 daAuts
  Lair:5: 1737 daAuts
     D:6: 1495 daAuts
  Lair:4: 1426 daAuts
     D:2: 1083 daAuts
     D:1: 1021 daAuts
  Lair:1: 1003 daAuts
     D:7: 994 daAuts
     D:9: 960 daAuts
     D:4: 934 daAuts
    D:10: 894 daAuts
     D:5: 794 daAuts
 Swamp:1: 793 daAuts
 Swamp:2: 745 daAuts
